 Dungeon Crawl Stone Soup version 0.24-a0-179-g7a2c91a (webtiles) character file.

Game seed: 17834175434658078837

505685 Galewind the Spry (level 24, -4/160 HPs)
             Began as a Deep Elf Air Elementalist on Feb 1, 2019.
             Was the Champion of Vehumet.
             Slain by an iron troll (glowing shapeshifter) (42 damage)
             ... on level 5 of the Vaults on Mar 13, 2019.
             The game lasted 02:35:19 (70587 turns).

Galewind the Spry (Deep Elf Air Elementalist)      Turns: 70587, Time: 02:35:20

Health: -4/160     AC: 15    Str:  9    XL:     24   Next: 16%
Magic:  3/49       EV: 27    Int: 39    God:    Vehumet [******]
Gold:   260        SH:  0    Dex: 15    Spells: 8/63 levels left

rFire    + + +     SeeInvis +   U - +8 glaive of the Guard {elec, +Rage AC+5 SInv}
rCold    + . .     Gourm    +   (shield currently unavailable)
rNeg     . . .     Faith    .   k - +2 robe {Archmagi}
rPois    +         Spirit   .   E - +0 mask of the Dragon {MR+ Slay+3 SInv}
rElec    +         Reflect  .   T - scarf {rC+ rF+}
rCorr    .         Harm     .   N - +2 pair of gloves {Str+3}
MR       ++...                  s - +2 pair of boots
Stlth    ++........             M - amulet "Meohuu" {Gourm rElec}
HPRegen  0.36/turn              i - ring of the Mage {Wiz MR++ Int+3}
MPRegen  0.31/turn              W - ring "Socziff" {+Blink rPois rF++ Int+4}

@: vulnerable, studying 3 skills, lightly drained, deflect missiles
A: mutation resistance 1
}: 2/15 runes: decaying, serpentine
a: Renounce Religion, Evoke Blink, Evoke Berserk Rage


You were on level 5 of the Vaults.
You worshipped Vehumet.
Vehumet was exalted by your worship.
You were not hungry.

You visited 9 branches of the dungeon, and saw 42 of its levels.
You visited 2 bazaars.
You also visited: Gauntlet and Desolation.

You collected 5440 gold pieces.
You spent 5180 gold pieces at shops.

Inventory:

Hand Weapons
 U - the +8 glaive of the Guard (weapon) {elec, +Rage AC+5 SInv}
   (You found it on level 1 of the Depths)

   Occasionally, upon striking a foe, it will discharge some electrical energy
   and cause terrible harm.
   It affects your AC (+5).
   It lets you see invisible.
   It lets you go berserk.
Armour
 k - a +2 robe of the Archmagi (worn)
 s - a +2 pair of boots (worn)
 E - the +0 mask of the Dragon (worn) {MR+ Slay+3 SInv}
   (You bought it in a shop on level 1 of the Orcish Mines)

   It affects your accuracy and damage with ranged weapons and melee attacks
   (+3).
   It affects your resistance to hostile enchantments.
   It lets you see invisible.
 N - a +2 pair of gloves of strength (worn)
 T - a scarf of resistance (worn)
Magical Staves
 a - an uncursed staff of conjuration
Jewellery
 i - the ring of the Mage (left hand) {Wiz MR++ Int+3}
   (You took it off an ogre mage on level 3 of the Vaults)

   [ring of wizardry]

   It improves your spell success rate.
   It affects your intelligence (+3).
   It affects your resistance to hostile enchantments.
 M - the amulet "Meohuu" (around neck) {Gourm rElec}
   (You found it in the Desolation of Salt)

   [amulet of the gourmand]

   It allows you to eat raw meat even when not hungry.
   It insulates you from electricity.
 W - the ring "Socziff" (right hand) {+Blink rPois rF++ Int+4}
   (You took it off a deep elf annihilator on level 3 of the Elven Halls)

   [ring of poison resistance]

   It affects your intelligence (+4).
   It greatly protects you from fire.
   It protects you from poison.
   It lets you blink.
Wands
 o - a wand of clouds (9)
 p - a wand of random effects (96)
 x - a wand of flame (32)
 y - a wand of acid (16)
 F - a wand of disintegration (54)
 K - a wand of iceblast (9)
 X - a wand of digging (1)
Scrolls
 e - 9 scrolls of identify
 f - 8 scrolls of immolation
 h - 17 scrolls of remove curse
 r - 4 scrolls of enchant armour
 t - 4 scrolls of vulnerability
 v - a scroll of amnesia
 B - 2 scrolls of holy word
 J - 11 scrolls of enchant weapon
 L - a scroll of brand weapon
 O - 3 scrolls of fog
 P - a scroll of magic mapping
 Q - 4 scrolls of blinking
 V - 9 scrolls of teleportation
 Z - 2 scrolls of fear
Potions
 b - 15 potions of curing
 d - 7 potions of might
 j - 12 potions of haste
 l - 7 potions of flight
 m - 3 potions of ambrosia
 q - 3 potions of magic
 u - 3 potions of berserk rage
 w - 7 potions of heal wounds
 z - 9 potions of brilliance
 A - 5 potions of mutation
 D - 4 potions of invisibility
 H - 4 potions of cancellation
 I - 6 potions of agility
Books
 C - a manual of Earth Magic
 S - a manual of Staves
 Y - a manual of Conjurations
Comestibles
 c - 33 rations


   Skills:
 + Level 19.2(18.8) Fighting
   Level 1.1(5.8) Axes
 - Level 8.7(8.5) Polearms
 - Level 20.2(19.9) Dodging
 - Level 2.4(2.1) Stealth
 - Level 20.0(19.6) Spellcasting
 - Level 19.6(19.3) Conjurations
 - Level 10.7(10.4) Charms
 - Level 19.1(18.7) Fire Magic
 - Level 6.7(6.4) Air Magic
 - Level 1.4(1.2) Evocations


You had 8 spell levels left.
You knew the following spells:

 Your Spells              Type           Power        Failure   Level  Hunger
b - Swiftness             Chrm/Air       ########     1%          2    None
c - Fire Storm            Conj/Fire      ########..   3%          9    #####..
e - Fireball              Conj/Fire      ########..   0%          5    None
f - Bolt of Fire          Conj/Fire      ########..   1%          6    None
g - Ignition              Fire           ########..   1%          8    ###....
h - Ring of Flames        Chrm/Fire      ########..   1%          7    None
i - Iskenderun's Battles  Conj/Chrm      ########     1%          5    None
j - Deflect Missiles      Chrm/Air       ########..   1%          6    None
k - Orb of Destruction    Conj           ########..   1%          7    None

Your spell library contained the following spells:

 Spells                   Type           Power        Failure   Level  Hunger
 Chain Lightning          Conj/Air       ########..   3%          8    ###....
 Lehudib's Crystal Spear  Conj/Erth      ########..   10%         8    ###....
 Flame Tongue             Conj/Fire      #####        0%          1    None
 Magic Dart               Conj           ####         0%          1    None
 Shock                    Conj/Air       ####         0%          1    None
 Sting                    Conj/Pois      ####         0%          1    None
 Throw Flame              Conj/Fire      ######       0%          2    None
 Throw Frost              Conj/Ice       ######       0%          2    None
 Conjure Flame            Conj/Fire      ########     0%          3    None
 Static Discharge         Conj/Air       ########     0%          3    None
 Sticky Flame             Conj/Fire      ########     0%          4    None
 Apportation              Tloc           ######       1%          1    None
 Beastly Appendage        Tmut           ######       1%          1    None
 Freeze                   Ice            ####         1%          1    None
 Summon Butterflies       Summ           ######..     1%          1    None
 Summon Small Mammal      Summ           ####         1%          1    None
 Blink                    Tloc           N/A          1%          2    None
 Call Imp                 Summ           ######..     1%          2    None
 Corpse Rot               Necr           N/A          1%          2    None
 Poisonous Vapours        Pois/Air       ######       1%          2    None
 Slow                     Hex            ######..     1%          2    None
 Sticks to Snakes         Tmut           ######..     1%          2    None
 Call Canine Familiar     Summ           ######..     1%          3    None
 Ignite Poison            Fire/Tmut/Pois #######.     1%          3    None
 Inner Flame              Hex/Fire       ########     1%          3    None
 Lesser Beckoning         Tloc           ######....   1%          3    None
 Mephitic Cloud           Conj/Pois/Air  ########     1%          3    None
 Ozocubu's Armour         Chrm/Ice       #######.     1%          3    None
 Recall                   Summ/Tloc      N/A          1%          3    None
 Regeneration             Chrm/Necr      #######...   1%          3    None
 Spider Form              Tmut/Pois      ######....   1%          3    None
 Summon Guardian Golem    Hex/Summ       ######..     1%          3    None
 Tukima's Dance           Hex            ######..     1%          3    None
 Vampiric Draining        Necr           ######....   1%          3    None
 Airstrike                Air            #######...   1%          4    None
 Summon Lightning Spire   Summ/Air       #######.     1%          4    None
 Throw Icicle             Conj/Ice       ########     1%          4    None
 Bolt of Draining         Conj/Necr      ########..   1%          5    None
 Lightning Bolt           Conj/Air       ########..   1%          5    None
 Conjure Ball Lightning   Conj/Air       ########..   1%          6    None
 Ice Form                 Ice/Tmut       ######..     2%          4    None
 Passage of Golubria      Tloc           N/A          2%          4    None
 Summon Ice Beast         Ice/Summ       ######..     2%          4    None
 Silence                  Hex/Air        #######...   2%          5    None
 Alistair's Intoxication  Tmut/Pois      ######..     9%          5    None
 Blade Hands              Tmut           ######....   9%          5    None
 Ozocubu's Refrigeration  Ice            ######....   12%         6    None
 Dispersal                Tloc           ######....   38%         6    None
 Invisibility             Hex            ######..     38%         6    None
 Malign Gateway           Summ/Tloc      ######....   91%         7    None
 Summon Hydra             Summ           ######....   91%         7    None
 Tornado                  Air            #######...   97%         9    #####..
 Dragon's Call            Summ           ######....   100%        9    #####..
 Shatter                  Erth           ######....   100%        9    #####..


Dungeon Overview and Level Annotations

Branches:
Dungeon (15/15)            Temple (1/1) D:7            Lair (6/6) D:10
  Swamp (4/4) Lair:2        Snake (4/4) Lair:2        Slime (0/5) Lair:6
    Orc (2/2) D:9             Elf (3/3) Orc:2        Vaults (5/5) D:14
  Crypt (0/3) Vaults:2     Depths (2/5) D:15

Altars:
Ashenzari
Cheibriados
Dithmenos
Elyvilon
Fedhas
Gozag
Hepliaklqana
Kikubaaqudgha
Makhleb
Nemelex Xobeh
Okawaru
Qazlal
Sif Muna
Trog
Uskayaw
Vehumet
Wu Jian
Xom
Yredelemnul
Zin
The Shining One
Beogh
Lugonu

Shops:
Orc:1 [   Orc:2 *(}[[   Snake:2 =   Snake:3 }=   Vaults:2 (   Depths:1 *

Portals:
Hell: Depths:1 Depths:2
Abyss: Depths:2
Pandemonium: Depths:2
Ziggurat: Depths:2

Annotations:
D:4 2 transporters, Scuka's ghost, amateur DrFE
D:10 Scuka's ghost, journeyman GrEE
Swamp:3 3 runed translucent doors, Roghewn's ghost, adept FoFi
Elf:2 3 runed translucent doors


Innate Abilities, Weirdness & Mutations

You are somewhat resistant to further mutation.


Message History

The lich touches you but does no damage.
The deep elf mage gestures wildly while chanting.
The deep elf mage blinks!
The iron troll bites you!
* * * LOW HITPOINT WARNING * * *
The iron troll claws you but does no damage.
The iron troll claws you.
* * * LOW HITPOINT WARNING * * *
You can move again.
Unknown command.
Unknown command.
The lich casts a spell at you.
You easily resist.
The yaktaur unwields a +0 arbalest.
The yaktaur barely misses you.
The deep elf mage hits you with a +0 rapier.
* * * LOW HITPOINT WARNING * * *
The ironbrand convoker casts a spell at the iron troll.
The iron troll seems to grow stronger.
The lich points at you and mumbles some strange words.
You deflect the bolt of lightning! The iron troll bites you!!!
You die...

#.#....#...)#
##.#....#.%)#
.##.?.....#.)#
.D......[())#
###...[§[[[)#######
.....[p.()(....(...
.).)%..p<..[.......
...)†%cTL<)[(......
....[)e@<[.[.......
####.[))...)######
....)))([[%)(.(..#
.%.)[#.)[.#...#..#
###).#.%)%#...#..#
..[÷#)).$#...#).#
... #.)).#####e.#
### #....# ..Q #..
....


You could see a shadow dragon (wandering), an iron troll shaped shifter, a lich,
a vault sentinel, an ironbrand convoker, a yaktaur and a deep elf mage.

Vanquished Creatures
  Mara (Snake:4)
  Sojobo (Vaults:3)
  the Lernaean hydra (Swamp:4)
  Vashnia (Snake:3)
  Frederick (Vaults:2)
  Nikola (Depths:1)
  5 liches
  5 tentacled monstrosities
  Rupert (Snake:1)
  2 deep elf master archers (Elf:3)
  2 titans (Vaults:5)
  Jorgrun (D:12)
  A deep elf blademaster (Elf:3)
  A quicksilver dragon (Depths:1)
  A sphinx (Vaults:4)
  Gastronok (D:9)
  A thorn hunter (Swamp:3)
  4 tengu reavers
  A storm dragon (Vaults:5)
  Agnes (D:14)
  Roxanne (Snake:1)
  3 shadow dragons
  4 deep elf sorcerers
  11 nagarajas
  Aizul (Swamp:2)
  4 fire giants
  13 vault wardens
  2 imperial myrmidons (Desolation)
  2 deep elf elementalists
  An angel (Depths:2)
  6 frost giants
  13 stone giants
  12 very ugly things
  6 deep elf demonologists
  2 war gargoyles (Vaults:5)
  20 ironheart preservers
  3 vampire knights
  A minotaur (Gauntlet)
  9 deep elf annihilators
  3 spark wasps (Depths:1)
  Azrael (D:14)
  Nessos (D:12)
  A halazid warlock (Desolation)
  Josephine (Lair:5)
  6 deep elf death magi
  A merfolk javelineer (Depths:2)
  3 jiangshi (Depths:2)
  7 ettins
  2 crystal guardians (Desolation)
  4 fire dragons
  6 great orbs of eyes
  6 rakshasas
  41 vault guards
  20 yaktaur captains
  23 hydras
  12 ragged hierophants (Desolation)
  8 ice dragons
  A ghost crab (Swamp:2)
  2 shambling mangroves (Swamp:2)
  2 spriggan air magi (Depths:2)
  4 catoblepae (Lair:6)
  7 servants of whispers (Desolation)
  4 peacekeepers (Desolation)
  Erica (D:8)
  10 centaur warriors
  19 naga warriors
  10 anacondas
  15 ogre magi
  20 alligators
  10 death yaks
  15 dancing weapons
  3 deep troll shamans
  43 two-headed ogres
  5 tengu warriors
  3 deep troll earth magi
  2 death scarabs (Gauntlet)
  A vampire mage (Depths:2)
  3 spriggan berserkers (Depths:2)
  5 orc high priests (Orc:2)
  21 naga sharpshooters
  A soul eater (Depths:2)
  13 shock serpents
  Sonja (Lair:1)
  Nergalle (Lair:2)
  An iron troll (Depths:2)
  2 shadow wraiths
  A spectral death yak (Gauntlet)
  8 deep elf knights
  A skeletal warrior (D:14)
  6 hell knights (Depths:1)
  11 swamp dragons
  A swamp dragon (shapeshifter) (Vaults:3)
  A golden dragon zombie (Depths:1)
  4 unseen horrors
  An infernal demonspawn (Depths:2)
  5 glowing orange brains
  18 ironbrand convokers
  8 deep elf archers
  A spriggan druid (Swamp:1)
  8 naga ritualists
  21 deep trolls
  4 harpies (Vaults:3)
  A lindwurm (shapeshifter) (Vaults:5)
  16 orc knights
  4 wizards
  A phantasmal warrior (Vaults:5)
  Pikel (D:8)
  A harpy (shapeshifter) (Depths:1)
  2 necromancers
  An orb spider (shapeshifter) (D:15)
  3 salamanders (shapeshifter)
  4 orc sorcerers
  A faun (shapeshifter) (Vaults:5)
  14 mana vipers
  38 deep elf magi
  16 ugly things
  A wolf spider (D:15)
  3 manticores
  5 oklob plants
  6 salamanders
  4 guardian serpents
  10 elephants
  4 cyclopes
  A rust devil (Depths:2)
  Maurice (D:8)
  A human skeleton (Vaults:3)
  16 vault sentinels
  A black mamba (shapeshifter) (Vaults:5)
  37 black mambas
  A molten gargoyle (Lair:4)
  28 naga magi
  7 centaur skeletons
  2 torpor snails
  An orange demon (Depths:2)
  18 spiny frogs
  A minotaur zombie (Gauntlet)
  Psyche (D:8)
  A spiny frog (shapeshifter) (Vaults:3)
  50 yaktaurs
  A hellion (Depths:2)
  3 komodo dragons
  5 rime drakes
  3 freezing wraiths
  A rime drake (shapeshifter) (Elf:2)
  4 kobold demonologists
  3 tengu conjurers
  A yaktaur skeleton (Vaults:3)
  A harpy zombie (D:15)
  3 meliai (D:14)
  10 tyrant leeches
  22 slime creatures
  17 hornets
  2 polar bears
  A jumping spider (shapeshifter) (Vaults:3)
  A hornet (shapeshifter) (D:14)
  A meliai (shapeshifter) (Elf:1)
  9 trolls
  9 bog bodies
  A wind drake (shapeshifter) (D:13)
  34 blink frogs
  A raiju (shapeshifter) (Vaults:1)
  5 dream sheep (Lair:6)
  59 saltlings (Desolation)
  10 hippogriffs
  8 shadows
  A tarantella (shapeshifter) (Vaults:3)
  10 spriggans
  An air elemental (Elf:3)
  6 wraiths
  2 wyverns
  A hog (shapeshifter) (Vaults:3)
  10 water elementals
  8 fire elementals
  87 yaks
  2 basilisks
  Eustachio (D:5)
  3 hungry ghosts
  A golden eye (shapeshifter) (Vaults:1)
  A spectral komodo dragon (Gauntlet)
  31 vampire mosquitoes
  44 nagas
  Edmund (D:5)
  12 swamp worms
  10 insubstantial wisps
  A naga (shapeshifter) (Elf:1)
  11 wargs
  2 acid dragons
  2 hell hounds (D:14)
  13 water moccasins
  12 porcupines
  2 black bears
  A meliai simulacrum (D:15)
  2 ice beasts (D:9)
  2 human zombies (Vaults:3)
  32 orc warriors
  4 sky beasts
  A slave (D:8)
  11 swamp drakes
  2 necrophages
  2 phantoms
  A spriggan simulacrum (Depths:1)
  2 eyes of draining
  45 ogres
  A boggart (Vaults:2)
  15 wolves
  17 centaurs
  13 crocodiles
  7 big kobolds
  14 bullfrogs
  4 earth elementals
  Blork the orc (D:4)
  A gnoll sergeant (D:11)
  2 wyvern zombies
  2 scorpions
  4 killer bees (D:13)
  5 wights (D:12)
  6 electric eels
  9 howler monkeys
  6 crimson imps
  A quasit (D:10)
  3 bullfrog skeletons
  3 centaur zombies
  A bullfrog zombie (D:11)
  32 orc priests
  3 hounds
  3 jellies
  40 orc wizards
  Ijyb (D:5)
  3 hell rats
  6 iguanas
  11 worker ants
  A killer bee zombie (D:10)
  8 gnolls
  8 river rats
  12 adders
  4 shadow imps
  2 oozes
  An adder zombie (D:9)
  An adder skeleton (D:3)
  2 worms
  2 dart slugs
  6 leopard geckos
  102 orcs
  3 ball pythons
  9 bats
  6 giant cockroaches
  10 goblins
  8 hobgoblins
  8 jackals
  31 kobolds
  4 quokkas
  A frilled lizard (D:4)
  2 quokka skeletons
  25 rats
  2 bushes
  5 fungi
  15 plants
2007 creatures vanquished.

Vanquished Creatures (collateral kills)
  A frost giant (Vaults:5)
  An orc sorcerer (Vaults:5)
  A sphinx skeleton (Depths:1)
  An orc (Vaults:5)
4 creatures vanquished.

Vanquished Creatures (others)
  An ice dragon (Vaults:4)
  17 fire vortices
  15 fungi
  34 plants
  3 toadstools (Depths:1)
  3 withered plants (Gauntlet)
73 creatures vanquished.

Grand Total: 2084 creatures vanquished

Notes
Turn   | Place    | Note
-------+----------+-------------------------------------------
     0 | D:1      | Galewind the Deep Elf Air Elementalist began the quest for
                  | the Orb.
     0 | D:1      | Reached XP level 1. HP: 10/10 MP: 6/6
   117 | D:1      | Reached XP level 2. HP: 9/15 MP: 0/8
   118 | D:1      | Upgraded the game from 0.24-a0-22-g2a401c0 to
                  | 0.24-a0-123-ga2403f3
   225 | D:1      | Upgraded the game from 0.24-a0-123-ga2403f3 to
                  | 0.24-a0-170-gd8427f5
   694 | D:1      | Reached XP level 3. HP: 19/19 MP: 8/10
  1451 | D:2      | Reached XP level 4. HP: 24/24 MP: 0/12
  2740 | D:4      | Reached skill level 5 in Spellcasting
  2744 | D:4      | Learned a level 2 spell: Swiftness
  2788 | D:4      | Reached XP level 5. HP: 28/28 MP: 8/14
  2935 | D:4      | Gained mutation: You are robust. (+10% HP) [potion of
                  | mutation]
  2935 | D:4      | Gained mutation: You are agile. (Dex +2) [potion of
                  | mutation]
  3119 | D:4      | Found an opulent altar of Gozag.
  3711 | D:4      | Found a transporter.
  3717 | D:4      | Noticed Blork the orc
  3727 | D:4      | Noticed Scuka's ghost (amateur DrFE)
  3732 | D:4      | Identified the +7 dire flail "Ikich" {elec, Dex+2}
  3732 | D:4      | Noticed an ogre
  3733 | D:4      | Noticed an ogre
  3737 | D:4      | Found a transporter.
  3778 | D:4      | Killed Blork the orc
  3778 | D:4      | Reached skill level 1 in Axes
  3778 | D:4      | Reached XP level 6. HP: 36/36 MP: 9/16
  4047 | D:5      | Entered Level 5 of the Dungeon
  4064 | D:5      | Learned a level 5 spell: Lightning Bolt
  4093 | D:5      | Noticed Ijyb
  4113 | D:5      | Killed Ijyb
  4220 | D:5      | Noticed Eustachio
  4236 | D:5      | Killed Eustachio
  4236 | D:5      | Reached XP level 7. HP: 37/40 MP: 10/18
  4317 | D:5      | Reached skill level 5 in Air Magic
  4459 | D:5      | Reached skill level 1 in Fighting
  4696 | D:5      | Noticed Edmund
  4755 | D:5      | Killed Edmund
  5245 | D:5      | Reached skill level 5 in Conjurations
  5245 | D:5      | Reached XP level 8. HP: 47/47 MP: 6/21
  5260 | D:5      | Reached skill level 1 in Evocations
  5879 | D:5      | Found a white marble altar of Elyvilon.
  5882 | D:5      | Found an iron altar of Okawaru.
  5888 | D:5      | Found a stormy altar of Qazlal.
  5891 | D:5      | Found a hazy altar of Hepliaklqana.
  6639 | D:6      | You fall through a shaft!
  7010 | D:6      | Learned a level 4 spell: Sticky Flame
  7016 | D:6      | Learned a level 5 spell: Fireball
  7172 | D:6      | Reached skill level 1 in Fire Magic
  7182 | D:6      | Found the +2 ratskin cloak {+Rats rPois rN+ Str-1 Int-1
                  | Dex+1}
  7718 | D:7      | Reached XP level 9. HP: 51/51 MP: 13/24
  7907 | D:7      | Found a staircase to the Ecumenical Temple.
  7917 | Temple   | Entered the Ecumenical Temple
  8009 | Temple   | Became a worshipper of Vehumet
  8430 | D:7      | Reached skill level 5 in Dodging
  9060 | D:8      | Noticed Psyche
  9063 | D:8      | Killed Psyche
  9063 | D:8      | Reached skill level 5 in Fire Magic
  9079 | D:8      | Noticed Maurice
  9464 | D:8      | Killed Maurice
 10074 | D:8      | Noticed Pikel
 10082 | D:8      | Killed Pikel
 10082 | D:8      | Reached * piety under Vehumet
 10082 | D:8      | Offered knowledge of Freeze by Vehumet.
 10307 | D:8      | Found a roughly hewn altar of Beogh.
 10569 | D:8      | Noticed Erica
 10614 | D:8      | Killed Erica
 10614 | D:8      | Reached XP level 10. HP: 36/60 MP: 5/25
 10799 | D:9      | Noticed a two-headed ogre
 10802 | D:9      | Killed a two-headed ogre
 10994 | D:9      | Reached skill level 10 in Spellcasting
 11242 | D:9      | Found a staircase to the Orcish Mines.
 11399 | D:9      | Noticed Gastronok
 11821 | D:10     | Entered Level 10 of the Dungeon
 11821 | D:10     | Noticed a death yak
 11842 | D:10     | Noticed an unseen horror
 11844 | D:10     | Killed an unseen horror
 12242 | D:10     | Found a runed translucent door.
 12278 | D:10     | Noticed Scuka's ghost (journeyman GrEE)
 12280 | D:10     | Reached ** piety under Vehumet
 12280 | D:10     | Offered knowledge of Throw Frost by Vehumet.
 12423 | D:10     | Found a shimmering altar of Xom.
 12424 | D:10     | Noticed a +1 broad axe of chaos
 12539 | D:10     | Noticed a death yak
 12540 | D:10     | Noticed a death yak
 12546 | D:10     | Killed a death yak
 12546 | D:10     | Reached XP level 11. HP: 64/64 MP: 11/28
 12550 | D:10     | Killed a death yak
 12560 | D:10     | Killed a death yak
 12757 | D:10     | Found a staircase to the Lair.
 13369 | Lair:1   | Entered Level 1 of the Lair of Beasts
 13369 | Lair:1   | Noticed Sonja
 13371 | Lair:1   | Killed Sonja
 13544 | Lair:1   | Noticed an oklob plant
 13544 | Lair:1   | Noticed an oklob plant
 13548 | Lair:1   | Killed an oklob plant
 13550 | Lair:1   | Killed an oklob plant
 13650 | Lair:1   | Offered knowledge of Searing Ray by Vehumet.
 13889 | Lair:1   | Reached skill level 10 in Conjurations
 13986 | Lair:1   | Noticed an eight-headed hydra
 13991 | Lair:1   | Killed an eight-headed hydra
 14119 | Lair:1   | Reached skill level 10 in Fire Magic
 15140 | Lair:2   | Noticed Nergalle
 15277 | Lair:2   | Reached *** piety under Vehumet
 15311 | Lair:2   | Reached XP level 12. HP: 59/70 MP: 6/30
 15456 | Lair:2   | Found a staircase to the Swamp.
 15623 | Lair:2   | Killed Nergalle
 15869 | Lair:2   | Offered knowledge of Fulminant Prism by Vehumet.
 15928 | Lair:2   | Found a staircase to the Snake Pit.
 16973 | Lair:3   | Reached **** piety under Vehumet
 17382 | Lair:3   | Reached XP level 13. HP: 83/83 MP: 31/31
 17386 | Lair:3   | Offered knowledge of Lee's Rapid Deconstruction by Vehumet.
 19625 | Lair:3   | Reached XP level 14. HP: 41/88 MP: 4/32
 20054 | Lair:4   | Got an ancient dagger
 20055 | Lair:4   | Identified the +5 dagger of Pride {drain, *Slow Str+5} (You
                  | found it on level 4 of the Lair of Beasts)
 20274 | Lair:4   | Reached ***** piety under Vehumet
 20369 | Lair:4   | Offered knowledge of Bolt of Fire by Vehumet.
 20865 | Lair:4   | Learned a level 6 spell: Bolt of Fire
 21292 | Lair:5   | Noticed Josephine
 21296 | Lair:5   | Killed Josephine
 21903 | Lair:6   | Entered Level 6 of the Lair of Beasts
 22990 | Lair:6   | Found a staircase to the Slime Pits.
 23266 | Lair:6   | Reached skill level 10 in Fighting
 24633 | D:9      | Killed Gastronok
 24788 | D:10     | Offered knowledge of Freezing Cloud by Vehumet.
 25156 | D:10     | Got an iridescent bardiche
 25157 | D:10     | Identified the +8 bardiche "Ocofu" {chaos, MR+} (You found
                  | it on level 10 of the Dungeon)
 25354 | D:11     | Found a gate leading to a gauntlet.
 25363 | Gauntlet | Entered a Gauntlet
 25363 | Gauntlet | Found a transporter.
 25363 | Gauntlet | Found a transporter.
 25432 | Gauntlet | Found a transporter.
 25432 | Gauntlet | Found a transporter.
 25450 | Gauntlet | Found a transporter.
 25452 | Gauntlet | Found a transporter.
 25452 | Gauntlet | Found a transporter.
 25456 | Gauntlet | Found a transporter.
 25487 | Gauntlet | Found a transporter.
 25492 | Gauntlet | Found a transporter.
 25514 | Gauntlet | Found a transporter.
 25526 | Gauntlet | Found a transporter.
 25560 | Gauntlet | Found a transporter.
 25574 | Gauntlet | Found a transporter.
 25677 | Gauntlet | Found a transporter.
 25691 | Gauntlet | Found a transporter.
 25818 | Gauntlet | Got a slimy silver amulet
 25908 | Gauntlet | Reached XP level 15. HP: 88/104 MP: 25/33
 26049 | Gauntlet | Identified the amulet of Lewaashi {Faith rF+ rC- rN+} (You
                  | found it in a Gauntlet)
 26079 | Gauntlet | Identified the Papyrus of Creative Intoxication
 26284 | D:11     | Reached skill level 1 in Polearms
 28640 | Orc:1    | Entered Level 1 of the Orcish Mines
 28775 | Orc:1    | Found a roughly hewn altar of Beogh.
 29112 | Orc:2    | Entered Level 2 of the Orcish Mines
 29112 | Orc:2    | Found a staircase to the Elven Halls.
 29112 | Orc:2    | Found Neclyppuy's Armour Shoppe.
 29423 | Orc:2    | Found a roughly hewn altar of Beogh.
 30004 | Orc:2    | Found Jureide's Antique Armour Shoppe.
 30004 | Orc:2    | Found Vuqudenn's Antique Weapon Emporium.
 30005 | Orc:2    | Found Rusyzu's General Store.
 30008 | Orc:2    | Found Levonoju's Gadget Shoppe.
 30011 | Orc:2    | Bought a steaming robe for 131 gold pieces
 30012 | Orc:2    | Identified the +0 robe "Redireon" {*Contam rN++ Str+4} (You
                  | bought it in a shop on level 2 of the Orcish Mines)
 30197 | Orc:2    | Bought an ichor-stained dagger for 182 gold pieces
 30197 | Orc:2    | Identified the +5 dagger "Efunkah" {pierce, rC+ rN++ MR-}
                  | (You bought it in a shop on level 2 of the Orcish Mines)
 30200 | Orc:2    | Bought the +8 whip "Snakebite" {curare, rPois} for 1409
                  | gold pieces
 30200 | Orc:2    | Found the +8 whip "Snakebite" {curare, rPois}
 30713 | Orc:1    | Found Xeus's Antique Armour Boutique.
 31280 | D:12     | Reached skill level 15 in Spellcasting
 31461 | D:12     | Noticed Nessos
 31466 | D:12     | Killed Nessos
 31883 | D:12     | Found a shadowy altar of Dithmenos.
 31912 | D:12     | Offered knowledge of Iron Shot by Vehumet.
 31998 | D:12     | Noticed Jorgrun
 32002 | D:12     | Killed Jorgrun
 32479 | D:12     | Learned a level 8 spell: Ignition
 32487 | D:12     | Learned a level 7 spell: Ring of Flames
 34738 | D:14     | Noticed Agnes
 34746 | D:14     | Killed Agnes
 34746 | D:14     | Reached XP level 16. HP: 104/111 MP: 10/39
 35782 | D:14     | Offered knowledge of Iskenderun's Battlesphere by Vehumet.
 36018 | D:14     | Learned a level 5 spell: Iskenderun's Battlesphere
 36018 | D:14     | Found a gate to the Vaults.
 36045 | D:14     | Noticed Azrael
 36050 | D:14     | Killed Azrael
 36404 | Swamp:1  | Entered Level 1 of the Swamp
 37970 | Swamp:1  | Upgraded the game from 0.24-a0-170-gd8427f5 to
                  | 0.24-a0-179-g7a2c91a
 37980 | Swamp:2  | Noticed Aizul
 37981 | Swamp:2  | Reached skill level 1 in Charms
 38314 | Swamp:2  | Reached skill level 5 in Charms
 38851 | Swamp:2  | Offered knowledge of Bolt of Cold by Vehumet.
 39022 | Swamp:2  | Killed Aizul
 39625 | Swamp:2  | Reached skill level 10 in Charms
 40360 | Swamp:3  | Reached XP level 17. HP: 116/116 MP: 32/43
 41160 | Swamp:3  | Found a runed translucent gate.
 41162 | Swamp:3  | Found a runed translucent gate.
 41163 | Swamp:3  | Found a runed translucent gate.
 41163 | Swamp:3  | Noticed Roghewn's ghost (adept FoFi)
 41195 | Swamp:3  | Reached skill level 10 in Dodging
 41570 | Swamp:3  | Found an ancient bone altar of Kikubaaqudgha.
 41853 | Swamp:4  | Entered Level 4 of the Swamp
 41903 | Swamp:4  | Offered knowledge of Conjure Ball Lightning by Vehumet.
 42371 | Swamp:4  | Learned a level 6 spell: Deflect Missiles
 43737 | Swamp:4  | Noticed the 27-headed Lernaean hydra
 43742 | Swamp:4  | Killed the 27-headed Lernaean hydra
 44089 | Swamp:4  | Got a decaying rune of Zot
 44301 | Snake:1  | Entered Level 1 of the Snake Pit
 44301 | Snake:1  | Identified Roxanne's Disquisition on Stones
 44301 | Snake:1  | Noticed Roxanne
 44475 | Snake:1  | Killed Roxanne
 44894 | Snake:1  | Offered knowledge of Orb of Destruction by Vehumet.
 44910 | Snake:1  | Learned a level 7 spell: Orb of Destruction
 45420 | Snake:1  | You fall through a shaft!
 45455 | Snake:2  | Reached skill level 15 in Dodging
 45853 | Snake:1  | Noticed Rupert
 45856 | Snake:1  | Killed Rupert
 45856 | Snake:1  | Reached XP level 18. HP: 122/122 MP: 27/44
 46194 | Snake:2  | Found Melenot's Jewellery Shoppe.
 46651 | Snake:2  | Found an opulent altar of Gozag.
 46940 | Orc:1    | Bought the +0 mask of the Dragon {MR+ Slay+3 SInv} for 935
                  | gold pieces
 46940 | Orc:1    | Found the +0 mask of the Dragon {MR+ Slay+3 SInv}
 47493 | Snake:3  | Found Qocuva Elau's Jewellery Emporium.
 47493 | Snake:3  | Found Lubboll's Gadget Shop.
 47495 | Snake:3  | Found Hegesol's Jewellery Emporium.
 47968 | Snake:3  | Noticed Vashnia
 48637 | Snake:3  | Killed Vashnia
 48991 | Snake:4  | Entered Level 4 of the Snake Pit
 50185 | Snake:4  | Noticed Mara
 50673 | Snake:4  | Noticed Galewind's illusion
 50825 | Snake:4  | Killed Mara
 51554 | Snake:4  | Reached XP level 19. HP: 127/127 MP: 1/45
 51823 | Snake:4  | Reached ****** piety under Vehumet
 52636 | Snake:4  | Reached skill level 15 in Conjurations
 52754 | Snake:4  | Got a serpentine rune of Zot
 53096 | Elf:1    | Entered Level 1 of the Elven Halls
 53112 | Elf:1    | Found a radiant altar of Vehumet.
 53396 | Elf:1    | Offered knowledge of Lehudib's Crystal Spear by Vehumet.
 53396 | Elf:1    | Offered knowledge of Fire Storm by Vehumet.
 53396 | Elf:1    | Offered knowledge of Chain Lightning by Vehumet.
 53481 | Elf:1    | Learned a level 9 spell: Fire Storm
 53506 | Elf:1    | Identified a scroll of acquirement
 54161 | Elf:2    | Reached skill level 15 in Fire Magic
 54464 | Elf:2    | Found a ruined gateway.
 54526 | Desolati | Entered the Desolation of Salt
 55498 | Desolati | Got a bound ruby amulet
 55505 | Desolati | Got a fine brass amulet
 55506 | Desolati | Identified the amulet "Meohuu" {Gourm rElec} (You found it
                  | in the Desolation of Salt)
 55507 | Desolati | Identified the amulet "Loehoape" {Inacc Int+7 Dex+4} (You
                  | found it in the Desolation of Salt)
 55594 | Desolati | Identified the Grimoire of the Traveller and Summoning
 55722 | Desolati | Identified the ring of the Hippo {Dex+3 Slay+2}
 55751 | Desolati | Identified the Collected Works on Dark Battle Magic
 56259 | Desolati | Identified the Handbook of Creative Ice
 56264 | Desolati | Got an ancient ring mail
 56265 | Desolati | Identified the +10 ring mail of the Maze {*Drain rPois
                  | Regen+ Slay+6} (You found it in the Desolation of Salt)
 56710 | Elf:2    | Found a runed translucent gate.
 56710 | Elf:2    | Found a runed translucent gate.
 56710 | Elf:2    | Found a runed translucent gate.
 56745 | Elf:2    | Reached XP level 20. HP: 133/133 MP: 33/46
 56851 | Elf:3    | Entered Level 3 of the Elven Halls
 58123 | Elf:3    | Identified the ring "Socziff" {+Blink rPois rF++ Int+4}
 58127 | Elf:3    | Identified the cursed +1 leather armour of Wu Jian's
                  | Benevolence {rN++}
 58127 | Elf:3    | Identified the ring of Immorality {rC+ AC+2 Str-5 Dex+3}
 58433 | Elf:3    | Identified the +1 leather armour "Xezisk" {Str+3 Int-3
                  | Dex+4}
 58588 | Elf:3    | Lost mutation: You are agile. (Dex +2) [potion of mutation]
 58588 | Elf:3    | Lost mutation: You are robust. (+10% HP) [potion of
                  | mutation]
 58588 | Elf:3    | Gained mutation: You are frail. (-10% HP) [potion of
                  | mutation]
 58588 | Elf:3    | Gained mutation: You are partially covered in rugged brown
                  | scales. (AC +1, +3% HP) [potion of mutation]
 58589 | Elf:3    | Lost mutation: You are frail. (-10% HP) [potion of
                  | mutation]
 58589 | Elf:3    | Lost mutation: You are partially covered in rugged brown
                  | scales. (AC +1, +3% HP) [potion of mutation]
 58589 | Elf:3    | Gained mutation: You are somewhat resistant to further
                  | mutation. [potion of mutation]
 59041 | D:15     | Entered Level 15 of the Dungeon
 59374 | D:15     | Found a staircase to the Depths.
 60092 | Depths:1 | Entered Level 1 of the Depths
 60092 | Depths:1 | Found a gateway to Hell.
 60791 | Depths:1 | Found Ufritopa's Demolitions Depot.
 60810 | Depths:1 | Found a runed translucent door.
 60811 | Depths:1 | Found the +8 glaive of the Guard {elec, +Rage AC+5 SInv}
 61167 | Depths:1 | Bought a manual of Conjurations for 1435 gold pieces
 61316 | Depths:1 | Noticed Nikola
 61323 | Depths:1 | Killed Nikola
 61878 | Depths:1 | Reached XP level 21. HP: 110/126 MP: 47/47
 62296 | Depths:2 | Found a gateway to a ziggurat.
 62620 | Depths:2 | Identified the +3 dire flail "Wenuvu" {pain, *Corrode rN+++
                  | MR- SInv}
 62712 | Depths:2 | Identified the +0 leather armour "Yzueg" {Stlth+}
 62826 | Depths:2 | Reached skill level 5 in Polearms
 63214 | Depths:2 | Found a corrupted altar of Lugonu.
 63214 | Depths:2 | Found a one-way gate to the infinite horrors of the Abyss.
 63332 | Depths:2 | Found a one-way gate leading to the halls of Pandemonium.
 63737 | Vaults:1 | Entered Level 1 of the Vaults
 63916 | Vaults:1 | Found a flickering gateway to a bazaar.
 63931 | Bazaar   | Entered a bazaar
 63931 | Bazaar   | Found Mium's Book Emporium.
 63931 | Bazaar   | Found Vifol's Distillery.
 63931 | Bazaar   | Found Ehoader's Weapon Shoppe.
 63931 | Bazaar   | Found Vowuc's Jewellery Emporium.
 63931 | Bazaar   | Found Joaboc's Food Shoppe.
 64065 | Bazaar   | Bought 2 potions of curing for 96 gold pieces
 64065 | Bazaar   | Bought a potion of curing for 48 gold pieces
 64065 | Bazaar   | Bought a potion of heal wounds for 80 gold pieces
 64065 | Bazaar   | Bought a potion of brilliance for 64 gold pieces
 64065 | Bazaar   | Bought a potion of agility for 64 gold pieces
 64065 | Bazaar   | Bought a potion of agility for 64 gold pieces
 64069 | Bazaar   | Bought a ration for 40 gold pieces
 64069 | Bazaar   | Bought a ration for 40 gold pieces
 64069 | Bazaar   | Bought a ration for 40 gold pieces
 64069 | Bazaar   | Bought a ration for 40 gold pieces
 64069 | Bazaar   | Bought a ration for 40 gold pieces
 64069 | Bazaar   | Bought a ration for 40 gold pieces
 65189 | Vaults:2 | Found Domae's Weapon Emporium.
 65218 | Vaults:2 | Found a staircase to the Crypt.
 65218 | Vaults:2 | Found a basalt altar of Yredelemnul.
 65219 | Vaults:2 | Found an ancient bone altar of Kikubaaqudgha.
 65267 | Vaults:2 | Noticed Frederick
 65281 | Vaults:2 | Killed Frederick
 65281 | Vaults:2 | Reached XP level 22. HP: 132/132 MP: 19/48
 67513 | Vaults:3 | Reached skill level 15 in Fighting
 67552 | Vaults:3 | Noticed Sojobo
 67556 | Vaults:3 | Killed Sojobo
 68267 | Vaults:3 | Reached XP level 23. HP: 146/146 MP: 24/49
 69056 | Vaults:4 | Identified the Incunabulum of the Entourage and Darkness
 69164 | Vaults:4 | Found a gateway to a bazaar.
 69173 | Bazaar   | Entered a bazaar
 69174 | Bazaar   | Found Huantup's Distillery.
 69174 | Bazaar   | Found Ceon Jycs's Magic Scroll Boutique.
 69175 | Bazaar   | Found Apsestabb's Gadget Emporium.
 69206 | Bazaar   | Found Wifobof's Armour Emporium.
 69231 | Bazaar   | Bought a scroll of identify for 24 gold pieces
 69231 | Bazaar   | Bought a scroll of identify for 24 gold pieces
 69231 | Bazaar   | Bought a scroll of identify for 24 gold pieces
 69231 | Bazaar   | Bought a scroll of teleportation for 36 gold pieces
 69231 | Bazaar   | Bought a scroll of enchant armour for 90 gold pieces
 69260 | Bazaar   | Bought a potion of haste for 130 gold pieces
 69260 | Bazaar   | Bought a potion of magic for 104 gold pieces
 70187 | Vaults:5 | Entered Level 5 of the Vaults
 70553 | Vaults:5 | Reached XP level 24. HP: 105/160 MP: 25/49
 70581 | Vaults:5 | Paralysed by a lich for 5 turns
 70587 | Vaults:5 | Slain by an iron troll (glowing shapeshifter)

Levels and vault maps discovered:
D:1:      minmay_arrival_diagonal_passages, roderic_lattice_a,
          minmay_three_crescents
D:2:      layout_loops_cross, kennysheep_generic_room_2
D:3:      cheibrodos_old_hovel, layout_basic, due_unseen_surprise
D:4:      layout_basic, gammafunk_ghost_smash, grunt_gozag_breadcrumbs,
          uniq_blork_the_orc
D:5:      layout_basic, grunt_temple_overflow_cloverleaf, first_ration,
          uniq_ijyb, uniq_eustachio, uniq_edmund
D:6:      wander_guarded_unrand_ratskin, layout_basic, serial_park_tiny_pond
D:7:      layout_loops_corners, minmay_temple_entry_stoned_glass
D:8:      layout_basic, special_room [special_room_orc], uniq_maurice,
          uniq_pikel, uniq_erica, uniq_psyche
D:9:      layout_roguey, minmay_orc_entry_guard_dogs, uniq_gastronok
D:10:     layout_roguey, dpeg_lair_monsters, ebering_ghost_xom, the_bakery
D:11:     layout_long_grid, portal_ice_cave_rime, gauntlet_entry_generic,
          roderic_roman_lattice
D:12:     layout_cave_pods, basic_altar, uniq_nessos, uniq_jorgrun
D:13:     layout_loops_cross
D:14:     layout_basic, hangedman_vaults_entry_quadrant_bands,
          minmay_misc_feat_roman, minmay_misc_feat_rugged,
          chequers_serial_rivers_micro_d, minmay_misc_feat_tower, uniq_agnes,
          uniq_azrael
D:15:     grunt_enter_depths_hoard, layout_long_grid
Temple:   eino_narrow_crystal_temple
Lair:1:   layout_layer_cave, grunt_megastairs_1, minmay_lair_oklob_chamber,
          uniq_sonja
Lair:2:   layout_regular_city, swamp_mist, dummy_snake_entry, uniq_nergalle
Lair:3:   layout_cave_pods
Lair:4:   dpeg_oklob_gauntlet, layout_gridlike
Lair:5:   statuecave_lemuel, layout_cave_pods, patterned_corridor,
          serial_bayou_shore_b, uniq_josephine
Lair:6:   evilmike_catoblepas_cave, layout_concentric_octagons,
          minmay_slime_entry_oklob_open, infiniplex_staircase_pool
Swamp:1:  layout_falls_marsh, serial_swamp_ruin, hangedman_swamp_ruin_wall,
          evilmike_swamp_ruin_house_5, evilmike_swamp_ruin_rubble_1,
          swamp_pool1, statue_in_the_mist_lemuel, nicolae_swamp_spriggan_camp
Swamp:2:  layout_falls_marsh, nicolae_swamp_dense_foliage, uniq_aizul
Swamp:3:  layout_falls_marsh, ebering_ghost_rock_garden, basic_altar
Swamp:4:  swamp_old_school, layout_basic_swamp, swamp_pool3
Snake:1:  layout_gridlike, uniq_roxanne, uniq_rupert
Snake:2:  layout_layer_cave, basic_altar, minmay_shop_enchanted_jewellery,
          drop_trap
Snake:3:  layout_concentric_octagons, minmay_shop_grove, uniq_vashnia
Snake:4:  snake_pit, layout_misc_corridors, serial_bayou_crossing, uniq_mara
Orc:1:    layout_caves, serial_shops, nicolae_shop_waterfront,
          david_defended_altar_orc
Orc:2:    st_orc_mages, layout_caves, serial_shops, nicolae_shop_waterfront,
          basic_altar, nicolae_orc_crystal_geode
Elf:1:    eino_elf_arrival_altar, layout_onion_city, item_on_display_a
Elf:2:    layout_geoelf_octagon, portal_desolation_entry_garden,
          guppyfry_library_mini
Elf:3:    minmay_elf_hall_dome, layout_loops_corners, grunt_ministairs_6
Vaults:1: v_rooms_3, vaults_room_large_hall, nicolae_vaults_big_angled_halls,
          nicolae_vaults_little_squares_1, layout_vaults_big_room, serial_shops,
          bzr_entry_islet
Vaults:2: nicolae_vaults_twisting_passages, hangedman_vaults_stretched_pinwheel,
          dpeg_vaults_waves, hangedman_vaults_hat,
          minmay_crypt_entry_necro_gods, v_misc_25, v_misc_22, v_misc_8,
          vaults_dpeg_encased_lava, nicolae_vaults_little_squares_5,
          hangedman_vaults_trim, layout_vaults_ring, serial_shops, shop,
          uniq_frederick
Vaults:3: st_spiral_rooms, hangedman_vaults_nails, vaults_dpeg_ring,
          dpeg_vaults_monster_box, nicolae_vaults_little_squares_1,
          vaults_room_octagon, hangedman_vaults_stream,
          nicolae_vaults_network_periphery, nicolae_vaults_asterisk, v_misc_5,
          ontoclasm_vaults_twist, hangedman_vaults_slice,
          layout_vaults_big_cross, uniq_sojobo
Vaults:4: hangedman_vaults_trim, v_pattern_3, nicolae_vaults_quadrants,
          v_misc_9, nicolae_vaults_three_branches,
          nicolae_vaults_little_squares_6, ontoclasm_vaults_ring_square,
          hangedman_vaults_maws, hangedman_vaults_locks,
          nicolae_vaults_asterisk, nicolae_vaults_angled_halls,
          nicolae_vaults_diagonal_hallway_9, layout_vaults_maze, serial_shops,
          bzr_firewalk
Vaults:5: serial_shops
Depths:1: layout_gridlike, hell_entry, serial_sigils,
          serial_sigils_hangedman_etch, serial_sigils_hangedman_scratch,
          serial_sigils_hangedman_confine, serial_sigils_hangedman_gut,
          serial_sigils_hangedman_leer, minmay_misc_feat_rows,
          grunt_ministairs_2, corner_web_ring, serial_bayou_ford_a,
          nicolae_blasting_shop, minmay_gold_behind_fungi, minmay_st_funbox,
          eino_small_chamber_without_monster, kennysheep_generic_room_12,
          uniq_nikola
Depths:2: kennysheep_bubble_arena, layout_gridlike, enter_ziggurat_f,
          hell_entry, abyss_entry_flame_altar, rand_demon_pan_entry_9,
          fountainhead, nrook_mini_vaults
Bazaar:   bazaar_minmay_plants
Desolation
Gauntlet: gammafunk_gauntlet_branching [gammafunk_gauntlet_arena_teeth,
          nicolae_gauntlet_arena_blocks, gammafunk_gauntlet_arena_split_diamond,
          gammafunk_gauntlet_arena_spirals, gammafunk_gauntlet_arena_crates,
          nicolae_gauntlet_arena_quarters, gammafunk_gauntlet_arena_corners,
          gammafunk_gauntlet_arena_mazey, gauntlet_exit_hidden_loot]

Skill      XL: |  1  2  3  4  5  6  7  8  9 10 11 12 13 14 15 16 17 18 19 20 21 22 23 24 |
---------------+-------------------------------------------------------------------------+-----
Spellcasting   | 4 5 6 7 9 11 12 17 20 | 20.0
Conjurations   | 2 3 4 5 6 8 11 12 13 14 16 18 19 | 19.6
Dodging        | 3 4 8 16 20 | 20.2
Air Magic      | 4 5 6 |  6.7
Axes           | 1 |  1.1
Fighting       | 1 2 6 11 12 15 18 19 | 19.2
Evocations     | 1 |  1.4
Fire Magic     | 2 7 8 10 12 13 16 18 19 | 19.1
Polearms       | 1 8 |  8.7
Charms         | 10 | 10.7
Stealth        | |  2.4

Action                   |  1- 3 |  4- 6 |  7- 9 | 10-12 | 13-15 | 16-18 | 19-21 | 22-24 || total
-------------------------+-------+-------+-------+-------+-------+-------+-------+-------++-------
Melee: Unarmed           |     3 |       |       |       |       |       |       |       ||     3
       Hand axe          |       |    12 |     8 |    28 |    62 |       |       |       ||   110
       Bardiche          |       |       |       |       |    38 |       |       |       ||    38
       Whip              |       |       |       |       |    56 |    51 |    35 |       ||   142
       Glaive            |       |       |       |       |       |       |    41 |    63 ||   104
 Cast: Shock             |    88 |   120 |   233 |    75 |    15 |   162 |    22 |       ||   715
       Lightning Bolt    |       |       |    18 |    13 |    20 |     3 |       |       ||    54
       Fireball          |       |       |    21 |   134 |   296 |    75 |    62 |    39 ||   627
       Sticky Flame      |       |       |       |     1 |       |       |       |       ||     1
       Swiftness         |       |       |       |       |     2 |       |       |       ||     2
       Bolt of Fire      |       |       |       |       |   140 |   371 |   349 |   183 ||  1043
       Ignition          |       |       |       |       |     3 |    51 |    69 |    59 ||   182
       Iskenderun's Batt |       |       |       |       |       |    82 |    11 |       ||    93
       Ring of Flames    |       |       |       |       |       |     3 |       |       ||     3
       Deflect Missiles  |       |       |       |       |       |     5 |     5 |     1 ||    11
       Orb of Destructio |       |       |       |       |       |    12 |    51 |    10 ||    73
       Fire Storm        |       |       |       |       |       |       |     7 |     9 ||    16
Evoke: Wand              |       |       |    11 |     6 |    23 |    13 |     3 |     1 ||    57
  Use: Scroll            |       |     8 |     5 |    16 |    15 |     7 |    12 |     2 ||    65
       Potion            |       |     1 |       |     1 |     1 |     1 |     3 |     3 ||    10
  Eat: Chunk             |     1 |     5 |    17 |    21 |    45 |    17 |    37 |    20 ||   163
       Ration            |       |     1 |     3 |     5 |    16 |    16 |     9 |       ||    50
Armor: Robe              |    20 |     8 |    19 |    14 |    71 |    24 |    28 |    11 ||   195
Dodge: Dodged            |    61 |    25 |    63 |    71 |   277 |   161 |   234 |   114 ||  1006
       Deflected         |       |       |       |       |       |    37 |    27 |    26 ||    90

Table legend:
 A = Non-vault XP
 B = Vault XP
 C = Vault XP percentage of total XP
 D = Non-vault monster count
 E = Vault monster count
 F = Vault count percentage of total count
                 A         B        C        D         E       F
            +---------+---------+-------+---------+---------+-------
      Total |  558216 |  432633 |  43.7 |    1402 |     586 |  29.5
            +---------+---------+-------+---------+---------+-------
        D:1 |      43 |       9 |  17.3 |      21 |       6 |  22.2
        D:2 |      55 |       2 |   3.5 |      18 |       1 |   5.3
        D:3 |      67 |       2 |   2.9 |      19 |       1 |   5.0
        D:4 |     198 |      90 |  31.2 |      13 |       1 |   7.1
        D:5 |    1095 |     391 |  26.3 |      33 |       3 |   8.3
        D:6 |     529 |     131 |  19.8 |      15 |      21 |  58.3
        D:7 |     848 |       0 |   0.0 |      31 |       0 |   0.0
        D:8 |     457 |    2510 |  84.6 |      10 |      24 |  70.6
        D:9 |    2656 |    2892 |  52.1 |      26 |       5 |  16.1
       D:10 |    1871 |    4118 |  68.8 |      19 |      13 |  40.6
       D:11 |    4767 |     764 |  13.8 |      36 |       2 |   5.3
       D:12 |    7114 |    3880 |  35.3 |      35 |       2 |   5.4
       D:13 |    5435 |       0 |   0.0 |      28 |       0 |   0.0
       D:14 |   10275 |   10630 |  50.8 |      34 |      25 |  42.4
       D:15 |   11973 |    1970 |  14.1 |      36 |       2 |   5.3
     Lair:1 |    2179 |    2318 |  51.5 |       8 |       7 |  46.7
     Lair:2 |    7588 |     796 |   9.5 |      38 |       1 |   2.6
     Lair:3 |   10968 |       0 |   0.0 |      46 |       0 |   0.0
     Lair:4 |    7574 |     572 |   7.0 |      31 |       1 |   3.1
     Lair:5 |    6332 |    2196 |  25.8 |      24 |       6 |  20.0
     Lair:6 |   15807 |   13341 |  45.8 |      57 |      25 |  30.5
    Swamp:1 |   20104 |    1487 |   6.9 |      48 |       2 |   4.0
    Swamp:2 |   23220 |    1779 |   7.1 |      61 |       1 |   1.6
    Swamp:3 |   12656 |       0 |   0.0 |      30 |       0 |   0.0
    Swamp:4 |    6546 |   18439 |  73.8 |      16 |      22 |  57.9
    Snake:1 |   16881 |    4986 |  22.8 |      31 |       2 |   6.1
    Snake:2 |   25183 |       0 |   0.0 |      45 |       0 |   0.0
    Snake:3 |   12912 |    7594 |  37.0 |      22 |       4 |  15.4
    Snake:4 |   37836 |   40647 |  51.8 |      62 |      45 |  42.1
      Orc:1 |    2046 |     128 |   5.9 |      35 |       3 |   7.9
      Orc:2 |    2560 |    5857 |  69.6 |      21 |      42 |  66.7
      Elf:1 |    9395 |    4016 |  29.9 |      15 |       7 |  31.8
      Elf:2 |   11786 |    1826 |  13.4 |      20 |       2 |   9.1
      Elf:3 |   13648 |   33893 |  71.3 |      22 |      24 |  52.2
   Vaults:1 |   27754 |    1310 |   4.5 |      49 |       2 |   3.9
   Vaults:2 |   31601 |   26883 |  46.0 |      66 |      27 |  29.0
   Vaults:3 |   46920 |   40422 |  46.3 |      79 |      35 |  30.7
   Vaults:4 |   31109 |   33931 |  52.2 |      55 |      36 |  39.6
   Vaults:5 |   36079 |   69641 |  65.9 |      48 |      53 |  52.5
   Depths:1 |   32483 |   23377 |  41.8 |      36 |      20 |  35.7
   Depths:2 |   59666 |   15425 |  20.5 |      63 |      13 |  17.1
 Desolation |       0 |   49438 | 100.0 |       0 |      93 | 100.0
   Gauntlet |       0 |    4942 | 100.0 |       0 |       7 | 100.0
            +---------+---------+-------+---------+---------+-------
